 Dungeon Crawl Stone Soup version 0.27.0-1-g7a089689b8 (webtiles) character file.

Game seed: 5249210753082350911

4164 MirrMurr the Spear-Bearer (level 10, 0/63 HPs)
             Began as a Gargoyle Berserker on July 31, 2021.
             Was an Elder of Trog.
             Slain by an ice beast (10 damage)
             ... on level 7 of the Dungeon.
             The game lasted 00:16:26 (11737 turns).

MirrMurr the Spear-Bearer (Gargoyle Berserker)     Turns: 11737, Time: 00:16:27

Health: 0/63       AC: 18    Str: 23    XL:     10   Next: 28%
Magic:  10/10      EV:  9    Int:  8    God:    Trog [****..]
Gold:   395        SH:  0    Dex: 10    Spells: 9/9 levels left

rFire    . . .     SeeInvis +   a - +0 spear
rCold    . . .     Faith    +   (no shield)
rNeg     + + .     Spirit   .   i - +0 chain mail
rPois    ∞         Reflect  .   n - +0 helmet
rElec    +         Harm     .   (no cloak)
rCorr    .         Rampage  .   (no gloves)
Will     .....                  (no boots)
Stlth    ..........             e - amulet of faith
HPRegen  0.20/turn              m - ring of positive energy
MPRegen  0.12/turn              v - ring of see invisible

@: on berserk cooldown
A: sickness immunity, AC +7, negative energy resistance 1, electricity
resistance, torment resistance 1, petrification resistance
a: Renounce Religion, Berserk, Trog's Hand, Brothers in Arms


You were on level 7 of the Dungeon.
You worshipped Trog.
Trog was greatly pleased with you.
You visited 1 branch of the dungeon, and saw 8 of its levels.
You also visited: Sewer.

You collected 395 gold pieces.

Inventory:

Hand Weapons
 a - a +0 spear (weapon)
 b - a +1 fustibalus
 r - a +0 hunting sling
Missiles
 f - 38 poisoned darts
 h - 278 stones (quivered)
 u - 5 silver javelins
 w - 3 javelins
Armour
 i - a +0 chain mail (worn)
 n - a +0 helmet (worn)
Jewellery
 e - an amulet of faith (around neck)
 j - an amulet of guardian spirit
 m - a ring of positive energy (left hand)
 v - a ring of see invisible (right hand)
 x - an amulet of the acrobat
Wands
 d - a wand of polymorph (8)
Scrolls
 k - 4 scrolls of teleportation
 t - 2 scrolls of enchant weapon
 y - 2 scrolls of acquirement {unknown}
Potions
 c - a potion of resistance {unknown}
 g - 2 potions of haste
 l - 4 potions of heal wounds
 o - a potion of invisibility {unknown}
 p - a potion of mutation {unknown}
 q - a potion of might {unknown}
 s - 2 potions of attraction {unknown}
 z - 2 potions of curing
 A - a potion of degeneration {unknown}


   Skills:
 + Level 7.3 Fighting
 * Level 8.4 Polearms
 + Level 5.2 Throwing
 + Level 6.8 Armour
 + Level 5.0 Dodging


You had 9 spell levels left.
You didn't know any spells.
Your spell library was empty.

Dungeon Overview and Level Annotations

Branches:
Dungeon (8/15)             Temple (0/1) D:6           Sewer (visited)
   Lair: D:8-11

Altars:
Yredelemnul


Innate Abilities, Weirdness & Mutations

You are immune to sickness and miasma.
Your stone body is resilient. (AC +7)
You are immune to poison.
You resist negative energy. (rN+)
You are resistant to electric shocks. (rElec)
You are resistant to unholy torment.
You are immune to petrification.


Message History

You barely miss the ice beast. The ice beast closely misses you.
Your chain mail prevents you from hitting the ice beast.
The ice beast closely misses you.
You closely miss the ice beast. The ice beast barely misses you.
You hit the ice beast.
The ice beast is lightly wounded.
The ice beast barely misses you.
You hit the ice beast but do no damage.
The ice beast is lightly wounded.
The ice beast hits you but does no damage.
You hit the ice beast but do no damage.
The ice beast is lightly wounded.
The ice beast hits you but does no damage.
You hit the ice beast.
The ice beast is moderately wounded.
You feel yourself speed up. The ice beast closely misses you.
You hit the ice beast but do no damage.
The ice beast is moderately wounded.
The ice beast misses you.
Your chain mail prevents you from hitting the ice beast.
The ice beast is moderately wounded.
You hit the ice beast.
The ice beast is moderately wounded.
The ice beast hits you. The ice beast freezes you!
* * * LOW HITPOINT WARNING * * *
You barely miss the ice beast.
The ice beast is moderately wounded.
The ice beast hits you but does no damage.
You hit the ice beast.
The ice beast is heavily wounded.
You hit the ice beast.
The ice beast is heavily wounded.
The ice beast completely misses you.
You hit the ice beast but do no damage.
The ice beast is heavily wounded.
The ice beast hits you.
* * * LOW HITPOINT WARNING * * *
The ice beast freezes you!
You die...

#..........#.. #..........
##..#.##...##.###.........#
##..#......##........#.....
###......##...........##.....
#........#####........##.....
##........##...........#.....
#..#.........##..(..........
#####.....Y.##..............
##.##..@##..............
#####..#............<..
#..................
##.................#
##.......###.........
#.......## #.#.......
##...#### ###....... #.###
#.>....... ### #........#


You could see an ice beast.

Vanquished Creatures
  2 trolls
  6 yaks
  A wyvern (D:7)
  Sigmund (D:6)
  Duvessa (D:6)
  A water moccasin (D:7)
  A sky beast (D:6)
  2 ogres
  A black bear (D:7)
  2 ice beasts
  2 necrophages
  3 centaurs
  A kobold brigand (D:8)
  2 scorpions (D:5)
  Dowan (D:6)
  2 wyvern zombies
  4 killer bees (D:7)
  A water moccasin skeleton (D:6)
  2 howler monkeys
  A hound (D:6)
  A jelly (D:6)
  3 orc priests (D:5)
  2 bullfrog skeletons
  4 centaur skeletons
  3 iguanas
  Terence (D:2)
  3 orc wizards (D:5)
  A hound skeleton (D:4)
  10 adders
  A gnoll (D:1)
  4 river rats (Sewer)
  A white imp (D:7)
  2 ufetubi
  2 worms
  5 dart slugs
  11 orcs
  7 bats
  10 endoplasms
  8 giant cockroaches
  3 goblins
  8 hobgoblins
  6 jackals
  10 kobolds
  6 quokkas
  7 ball pythons
  13 frilled lizards
  24 rats
193 creatures vanquished.

Vanquished Creatures (collateral kills)
  An iguana (D:7)
1 creature vanquished.

Grand Total: 194 creatures vanquished

Notes
Turn   | Place    | Note
-------+----------+-------------------------------------------
     0 | D:1      | MirrMurr the Gargoyle Berserker began the quest for the
                  | Orb.
     0 | D:1      | Reached XP level 1. HP: 14/14 MP: 1/1
    79 | D:1      | Reached XP level 2. HP: 16/19 MP: 2/2
   380 | D:1      | Reached skill level 3 in Polearms
   417 | D:1      | Reached ** piety under Trog
   436 | D:1      | Reached XP level 3. HP: 20/23 MP: 3/3
   520 | D:1      | Found a faded altar of an unknown god.
   975 | D:2      | Noticed Terence
   984 | D:2      | Killed Terence
   985 | D:2      | Reached skill level 1 in Throwing
   985 | D:2      | Reached XP level 4. HP: 29/29 MP: 4/4
  1736 | D:2      | Reached XP level 5. HP: 33/33 MP: 5/5
  2677 | D:3      | Reached *** piety under Trog
  2714 | D:3      | Found a glowing drain.
  2736 | D:3      | Reached skill level 4 in Polearms
  2738 | Sewer    | Entered a sewer
  3132 | Sewer    | Reached XP level 6. HP: 34/38 MP: 6/6
  3211 | Sewer    | Reached **** piety under Trog
  4036 | D:4      | Found a basalt altar of Yredelemnul.
  4648 | D:4      | Reached XP level 7. HP: 42/44 MP: 7/7
  5192 | D:5      | Entered Level 5 of the Dungeon
  5331 | D:5      | Reached skill level 5 in Polearms
  5551 | D:5      | Reached skill level 5 in Fighting
  6115 | D:5      | Noticed a troll
  6123 | D:5      | Killed a troll
  6124 | D:5      | Reached XP level 8. HP: 49/49 MP: 8/8
  6250 | D:5      | Reached ***** piety under Trog
  6465 | D:5      | Reached skill level 6 in Polearms
  6680 | D:5      | Reached skill level 5 in Armour
  7280 | D:6      | Noticed a yak
  7281 | D:6      | Noticed a yak
  7281 | D:6      | Noticed Sigmund
  7284 | D:6      | Noticed a yak
  7288 | D:6      | Noticed a yak
  7321 | D:6      | Noticed a yak
  7344 | D:5      | Killed a yak
  7633 | D:6      | Found a staircase to the Ecumenical Temple.
  7638 | D:6      | You fall into a shaft and drop 2 floors!
  7653 | D:8      | Reached XP level 9. HP: 41/55 MP: 9/9
  8023 | D:8      | Noticed a troll
  8042 | D:8      | Killed a troll
  8346 | D:6      | Reached skill level 7 in Polearms
  8571 | D:6      | Received a gift from Trog
  8829 | D:6      | Noticed Duvessa
  8829 | D:6      | Noticed Dowan
  8870 | D:6      | Killed Duvessa
  8894 | D:6      | Killed Dowan
  9871 | D:6      | Reached skill level 8 in Polearms
  9871 | D:6      | Reached XP level 10. HP: 12/63 MP: 10/10
 10380 | D:6      | Found a staircase to the Ecumenical Temple.
 10862 | D:6      | Killed Sigmund
 11010 | D:7      | Reached skill level 5 in Throwing
 11318 | D:7      | Reached skill level 5 in Dodging
 11737 | D:7      | Slain by an ice beast

Illustrated notes

Levels and vault maps discovered:
D:1:      onia_arrival_pyramid, layout_rooms, dilly_ecumenical_altar_fadedgnrine
D:2:      layout_loops_ring, uniq_terence
D:3:      minmay_diamond_boxcup, layout_rooms, gup_sewer_entry_bubbles,
          moated_statue, kennysheep_generic_room_11
D:4:      layout_loops_ring, mainiacjoe_overflow_24_doors,
          serial_co_window_serial, co_window_cross_1,
          co_window_of_opportunity_a, co_window_corner_a, co_window_paths_a,
          co_window_paths_b, co_window_corner_b, co_window_2corner,
          co_window_unsneaky_path_a, co_window_broadway_c,
          co_window_unsneaky_path_e, glass_columns_a, glass_columns_c,
          minmay_box_of_dots
D:5:      layout_basic, minmay_misc_feat_x, minmay_a_box_with_orc_wizards_in_it
D:6:      layout_loops_corners, minmay_temple_entry_junction_2, uniq_duvessa,
          uniq_sigmund
D:7:      layout_cave_pools
D:8:      layout_cave_pools

Skill      XL: |  1  2  3  4  5  6  7  8  9 10 |
---------------+-------------------------------+-----
Polearms       | 3 4 5 6 8 |  8.4
Throwing       | 1 2 3 4 5 |  5.2
Dodging        | 2 3 4 5 |  5.0
Armour         | 3 4 5 6 |  6.8
Fighting       | 4 5 7 |  7.3

Action                   |  1- 3 |  4- 6 |  7- 9 | 10-12 || total
-------------------------+-------+-------+-------+-------++-------
Melee: Spear             |    95 |   417 |   448 |   183 ||  1143
       Unarmed           |       |       |     2 |       ||     2
 Fire: Hunting sling     |       |     2 |       |       ||     2
       Fustibalus        |       |    32 |    40 |     6 ||    78
Invok: Berserk           |     2 |     1 |    14 |     3 ||    20
       Trog's Hand       |       |       |       |     3 ||     3
  Use: Scroll            |     1 |     5 |     4 |     4 ||    14
       Potion            |       |       |     1 |     1 ||     2
 Stab: Sleeping          |     1 |       |       |       ||     1
       Distracted        |       |       |       |     1 ||     1
Armor: Animal skin       |    28 |     2 |       |       ||    30
       Scale mail        |       |    36 |       |       ||    36
       Chain mail        |       |   181 |   251 |   147 ||   579
Dodge: Dodged            |    53 |   172 |   177 |   108 ||   510
